 Dungeon Crawl Stone Soup version 0.30.1-11-g7821555f0a (webtiles) character file.

Game seed: 6941189909506651573

187 Ankhtithe the Digger (level 5, -9/38 HPs)
             Began as a Demigod Earth Elementalist on Nov 4, 2023.
             Mangled by an iguana (11 damage)
             ... on level 4 of the Dungeon.
             The game lasted 00:08:43 (2935 turns).

Ankhtithe the Digger (Demigod Earth Elementalist)   Turns: 2935, Time: 00:08:44

Health: -9/38      AC:  3    Str:  9    XL:     5   Next: 15%
Magic:  7/12       EV: 12    Int: 21    God:
Gold:   208        SH:  0    Dex: 14    Spells: 5/9 levels left

rFire   . . .        h - +0 dagger
rCold   . . .        (no shield)
rNeg    . . .        a - +0 robe
rPois   .            k - +0 hat
rElec   .            (no cloak)
rCorr   .            e - +0 pair of gloves
SInv    .            (no boots)
Will    .....        (no amulet)
Stlth   ++           (no ring)
HPRegen 0.26/turn    (no ring)
MPRegen 0.13/turn

%: no passive effects
@: very slightly contaminated
A: high MP 1, forlorn, divine attributes
a: no special abilities


You were on level 4 of the Dungeon.
You visited 1 branch of the dungeon, and saw 4 of its levels.

You collected 208 gold pieces.

Inventory:

Hand Weapons
 g - a +0 long sword
 h - a +0 dagger (weapon)
Armour
 a - a +0 robe (worn)
 e - a +0 pair of gloves (worn)
 k - a +0 hat (worn)
Wands
 n - a wand of polymorph (5)
 q - a wand of flame (12)
Potions
 b - 2 potions of magic
 c - 2 potions of heal wounds
 d - 3 potions of might
 f - 2 potions of berserk rage {unknown}
 i - a potion of cancellation {unknown}
 j - 3 potions of mutation {unknown}
 l - a potion of haste {unknown}
 m - a potion of resistance {unknown}
 o - a potion of curing {unknown}
 p - a potion of lignification {unknown}


   Skills:
 - Level 2.0 Dodging
 - Level 2.0 Stealth
 + Level 2.9 Spellcasting
 * Level 1.6 Conjurations
 - Level 1.0 Transmutations
 + Level 4.3 Earth Magic


You had 5 spell levels left.
You knew the following spells:

 Your Spells              Type           Power      Damage    Failure   Level
a - Sandblast             Erth           42%        2d11      2%          1
z - Stone Arrow           Conj/Erth      30%        3d8       12%         3

Your spell library contained the following spells:

 Spells                   Type           Power      Damage    Failure   Level
 Passwall                 Tmut/Erth      11%        N/A       7%          2
 Petrify                  Tmut/Erth      14%        N/A       41%         4


Dungeon Overview and Level Annotations

Branches:
Dungeon (4/15)
 Temple: D:4-7


Innate Abilities, Weirdness & Mutations

You have an increased reservoir of magic. (+10% MP)
You shall have no god before yourself.
Your divine heritage dramatically boosts your attributes as you level up.


Message History

Press: ? - help, Shift-Dir - straight line, f/p - iguana
Aim: an iguana (lightly wounded, 85% to hit)
The blast of sand hits the iguana!
The iguana is heavily wounded.
The iguana bites you!
Casting: Sandblast (safe; 2% risk of failure)
Confirm with . or Enter, or press ? or * to list all spells.
Aiming: Sandblast (safe; 2% risk of failure)
Press: ? - help, Shift-Dir - straight line, f/p - iguana
Aim: an iguana (heavily wounded, 85% to hit)
The blast of sand hits the iguana.
The iguana is severely wounded.
The iguana bites you. The iguana barely misses you.
Casting: Sandblast (safe; 2% risk of failure)
Confirm with . or Enter, or press ? or * to list all spells.
Aiming: Sandblast (safe; 2% risk of failure)
Press: ? - help, Shift-Dir - straight line, f/p - iguana
Aim: an iguana (severely wounded, 85% to hit)
You miscast Sandblast.
You are very lightly contaminated with residual magic.
Nothing appears to happen.
The iguana bites you!
* * * LOW HITPOINT WARNING * * *
Casting: Sandblast (safe; 2% risk of failure)
Confirm with . or Enter, or press ? or * to list all spells.
Aiming: Sandblast (safe; 2% risk of failure)
Press: ? - help, Shift-Dir - straight line, f/p - iguana
Aim: an iguana (severely wounded, 85% to hit)
The blast of sand hits the iguana but does no damage.
The iguana is severely wounded.
The iguana bites you.
* * * LOW HITPOINT WARNING * * *
The iguana attacks as you move away! The iguana bites you.
* * * LOW HITPOINT WARNING * * *
Casting: Sandblast (safe; 2% risk of failure)
Confirm with . or Enter, or press ? or * to list all spells.
Aiming: Sandblast (safe; 2% risk of failure)
Press: ? - help, Shift-Dir - straight line, f/p - iguana
Aim: an iguana (severely wounded, 85% to hit)
You miscast Sandblast.
Nothing appears to happen.
The iguana bites you!
You die...

.# .. #. # #.# .# ..
.# #. ..#
##.#.####.###.#
#....l@.......+
#..###..#####.#.
#..............#
#...###.#####... #...#
#........
####...###.######.
..................
#.######...##........#
......................


You could see an iguana.

Vanquished Creatures
  A hound (D:4)
  3 gnolls (D:2)
  7 adders
  3 dart slugs
  An orc (D:4)
  6 endoplasms
  2 giant cockroaches
  9 hobgoblins
  A quokka (D:1)
  2 ball pythons (D:1)
  4 bats
  4 frilled lizards
  6 goblins
  4 kobolds
  7 rats
60 creatures vanquished.

Notes
Turn   | Place    | Note
-------+----------+-------------------------------------------
     0 | D:1      | Ankhtithe the Demigod Earth Elementalist began the quest
                  | for the Orb.
     0 | D:1      | Reached XP level 1. HP: 14/14 MP: 5/5
   146 | D:1      | Reached skill level 1 in Transmutations
   459 | D:1      | Reached XP level 2. HP: 20/20 MP: 5/7
   660 | D:1      | Reached skill level 3 in Earth Magic
   937 | D:2      | Reached XP level 3. HP: 26/26 MP: 5/8
  1172 | D:2      | Reached XP level 4. HP: 30/33 MP: 10/10
  1290 | D:2      | Reached skill level 4 in Earth Magic
  1304 | D:2      | Learned a level 3 spell: Stone Arrow
  2174 | D:3      | Reached skill level 1 in Conjurations
  2844 | D:4      | Reached XP level 5. HP: 33/38 MP: 6/12
  2934 | D:4      | HP: 1/38 [iguana (5)]
  2935 | D:4      | Mangled by an iguana

Illustrated notes

Levels and vault maps discovered:
D:1:      minmay_arrival_four_houses, layout_loops_ring
D:2:      layout_loops_ring
D:3:      layout_basic, nemelex_xobeh_ov_fountains_minmay,
          ebering_ecumenical_altar_hall, fountainhead
D:4:      layout_basic, minmay_bisected

Skill      XL: |  1  2  3  4 |
---------------+-------------+-----
Transmutations | 1 |  1.0
Stealth        | 2 |  2.0
Dodging        | 2 |  2.0
Earth Magic    | 3 4 |  4.3
Spellcasting   | 2 |  2.9
Conjurations   | 1 |  1.6

Action                     |  1- 3 |  4- 6 || total
---------------------------+-------+-------++-------
  Melee: Unarmed           |     6 |       ||     6
         Dagger            |    18 |    50 ||    68
         Punch             |     1 |       ||     1
   Cast: Sandblast         |    31 |    39 ||    70
    Use: Scroll            |     2 |     3 ||     5
   Stab: Sleeping          |     3 |     3 ||     6
 Armour: Robe              |     6 |    16 ||    22
  Dodge: Dodged            |    21 |    28 ||    49
